 Dungeon Crawl Stone Soup version 0.19-b1-4-gd8a0a2a (webtiles) character file.

172 dohliylev the Stinger (level 5, -2/28 HPs)
             Began as a Gargoyle Venom Mage on Oct 30, 2016.
             Killed by divine providence
             ... invoked by an orc priest
              (13 damage)
             ... on level 3 of the Dungeon.
             The game lasted 00:25:34 (2987 turns).

dohliylev the Stinger (Gargoyle Venom Mage)         Turns: 2987, Time: 00:25:34

Health: -2/28      AC:  6    Str: 12    XL:     5   Next: 52%
Magic:  8/18       EV: 12    Int: 16    God:
Gold:   81         SH:  3    Dex: 10    Spells: 3 memorised, 4 levels left

rFire  . . .     SeeInvis .     (no weapon)
rCold  . . .     Gourm    .     m - +0 robe
rNeg   + . .     Faith    .     (no shield)
rPois  ∞         Spirit   .     (no helmet)
rElec  +         Reflect  +     (no cloak)
rCorr  .         Harm     .     (no gloves)
MR     .....                    (no boots)
Stlth  ++........               k - +3 amulet of reflection
                                (no ring)
                                t - ring of magical power

@: very slightly contaminated, drained
A: negative energy resistance 1, electricity resistance, unbreathing,
petrification resistance, rot immunity, AC +4
a: no special abilities


You were on level 3 of the Dungeon.
You were very hungry.

You visited 1 branch of the dungeon, and saw 3 of its levels.

You collected 81 gold pieces.

Inventory:

Hand Weapons
 r - a +2 dagger of holy wrath
Armour
 m - a +0 robe (worn)
Jewellery
 k - a +3 amulet of reflection (around neck)
 t - a ring of magical power (left hand)
Scrolls
 e - 3 scrolls of enchant weapon {unknown}
 g - 2 scrolls of identify {unknown}
 h - 2 scrolls of remove curse
 q - a scroll of amnesia {unknown}
 s - a scroll of enchant armour {unknown}
Potions
 i - 3 potions of curing {unknown}
Books
 a - a book of Cantrips

   Spells                             Type                      Level
   a - Confusing Touch                Hexes                        1
   b - Animate Skeleton               Necromancy                   1
   c - Summon Small Mammal            Summoning                    1
   d - Apportation                    Translocation                1
 b - a Young Poisoner's Handbook

   Spells                             Type                      Level
   a - Sting                          Conjuration/Poison           1
   b - Mephitic Cloud                 Conjuration/Poison/Air       3
   c - Olgreb's Toxic Radiance        Poison                       4
   d - Alistair's Intoxication        Transmutation/Poison         5
   e - Venom Bolt                     Conjuration/Poison           5
Comestibles
 c - a bread ration
 d - 4 chunks of flesh
 f - 3 meat rations
 l - a slice of pizza
 o - a royal jelly


   Skills:
 - Level 0.7(0.0) Fighting
 - Level 0.3(0.0) Short Blades
 + Level 2.2(1.5) Dodging
 + Level 2.3(1.6) Stealth
 + Level 0.8(0.1) Unarmed Combat
 + Level 2.7(2.0) Spellcasting
 + Level 1.6(1.0) Conjurations
 + Level 0.3(0.0) Hexes
 + Level 0.1(0.0) Air Magic
 + Level 5.0(4.3) Poison Magic


You had 4 spell levels left.
You knew the following spells:

 Your Spells              Type           Power        Failure   Level  Hunger
a - Sting                 Conj/Pois      ##..         10%         1    #......
b - Mephitic Cloud        Conj/Pois/Air  #.......     34%         3    ###....
c - Confusing Touch       Hex            #.....       21%         1    #......


Dungeon Overview and Level Annotations

Branches:
Dungeon (3/15)

Altars:


Innate Abilities, Weirdness & Mutations

You are resistant to torment.
Your stone body is resilient. (AC +4)
You are immune to poison.
You resist negative energy. (rN+)
You are resistant to electric shocks. (rElec)
You can survive without breathing.
You are immune to petrification.
You are immune to rotting.


Message History

The bat flutters around in erratic circles.
Something closely misses the orc priest.
The ooze jiggles.
The rat closely misses you. The rat bites you but does no damage.
The bat barely misses something.
The rat twitches its whiskers.
The rat closely misses you.
Found a plate armour.
The orc priest looks braver for a moment.
Some of the chunks of flesh in your inventory have rotted away.
Casting: Mephitic Cloud
Confirm with . or Enter, or press ? or * to list all spells.
Aiming: Sting
Press: ? - help, Shift-Dir - straight line, f - rat
Aim: a rat The sting hits the rat.
The rat appears unharmed.
The rat closely misses you.
The orc priest invokes the aid of Beogh against you.
Beogh smites you!
You die...

....###.........######..#........
....#.......J..o............#...#
....#!##....#########..####...#.#
......#..##..# ##....####.....#
.>......J##### +...............
...†.###.# +...#.##........
...#.###.# ### ##.†#.##.#...[##
....)....#####.#####.#.".).....#
$$..###.)o...Jr.@....#.<......#..
.... ##..........#..)..<.#.#)#.#
...? ##.....(.................#
....#####.......####....(......##
...#............#...............#
...#.####.......#.............#.#
#). # ##....###.............#.#
..#...........#.........#.#
#.....#.......#.........#.#


You could see an orc priest, an ooze and a rat.

Vanquished Creatures
  2 gnolls (D:1)
  7 adders
  2 oozes
  A worm (D:2)
  3 leopard geckos
  3 orcs (D:3)
  A ball python (D:1)
  5 giant cockroaches
  5 goblins
  12 hobgoblins
  3 jackals (D:1)
  7 kobolds
  A quokka (D:3)
  8 bats
  3 frilled lizards (D:2)
  7 rats
70 creatures vanquished.

Vanquished Creatures (others)
  An adder (D:2)
1 creature vanquished.

Grand Total: 71 creatures vanquished

Notes
Turn   | Place    | Note
-------+----------+-------------------------------------------
     0 | D:1      | dohliylev the Gargoyle Venom Mage began the quest for the Orb.
     0 | D:1      | Reached XP level 1. HP: 10/10 MP: 3/3
   227 | D:1      | Reached XP level 2. HP: 15/15 MP: 3/5
   639 | D:1      | Reached XP level 3. HP: 19/19 MP: 4/6
   837 | D:1      | Learned a level 3 spell: Mephitic Cloud
  1277 | D:2      | Learned a level 1 spell: Confusing Touch
  1444 | D:1      | Reached XP level 4. HP: 2/24 MP: 0/7
  1763 | D:2      | Reached skill level 1 in Conjurations
  2190 | D:2      | Reached skill level 5 in Poison Magic
  2195 | D:2      | Reached XP level 5. HP: 28/28 MP: 0/8
  2987 | D:3      | Killed from afar by an orc priest

Skill      XL: |  1  2  3  4 |
---------------+-------------+-----
Dodging        | 2 |  2.2
Conjurations   | 1 |  1.6
Poison Magic   | 5 |  5.0
Fighting       | |  0.7
Short Blades   | |  0.3
Stealth        | |  2.3
Unarmed Combat | |  0.8
Spellcasting   | |  2.7
Hexes          | |  0.3
Air Magic      | |  0.1

Action                   |  1- 3 |  4- 6 || total
-------------------------+-------+-------++-------
Melee: Unarmed           |    82 |     6 ||    88
       Dagger            |       |    74 ||    74
 Cast: Sting             |    54 |    78 ||   132
       Confusing Touch   |     3 |     3 ||     6
       Mephitic Cloud    |     1 |     7 ||     8
  Use: Scroll            |       |     1 ||     1
 Stab: Sleeping          |       |     2 ||     2
  Eat: Chunk             |     2 |     9 ||    11
Armor: Robe              |    46 |    53 ||    99
       Skin              |     2 |       ||     2
Dodge: Dodged            |    79 |    87 ||   166
Block: Other             |     2 |    22 ||    24
